Map: New Repugnancy LE

Players

Stats - Winner!

  • Race: Protoss Protoss
  • Spawn Location: 1:00

herO

  • Race: Protoss Protoss
  • Spawn Location: 7:00

Event: IEM Season 13: Katowice (2019)

VOD

Have the link to the VOD?

Description

Time

  • Played on: Feb. 28, 2019, 7:21 a.m.
  • Length: 12:03

All games in this series

Show
View Real Time Build Order
Export as new Build Order

Stats Protoss - Winner!

Build Orders: Phoenix Opening, Blink Stalkers, Zealot Archon 

Get SALT Encoding   

  12  0:00  Probe  
  13  0:12  Probe  
  14  0:17  Pylon  
  14  0:24  Probe  
  15  0:32  Probe  
  15  0:37  Gateway  
  15  0:40  Probe  
  16  0:46  Assimilator  
  17  0:51  Probe  
  17  0:55  Assimilator  
  18  0:59  Probe  
  19  1:07  Probe  
  19  1:08  Gateway  
  19  1:17  Probe  
  20  1:24  Cybernetics Core  
  21  1:29  Probe  
  22  1:34  Pylon  
  22  1:41  Probe  
  23  1:53  Probe  
  24  2:01  Warp Gate, Sentry, Stalker  
  28  2:06  Pylon  
  28  2:19  Twilight Council  
  28  2:28  Stalker  
  30  2:35  Phoenix  
  30  2:40  Blink  
  30  2:48  Nexus  
  30  2:54  Probe  
  31  3:06  Probe  
  31  3:12  Stalker  
  33  3:18  Probe  
  34  3:31  Probe  
  35  3:43  Probe  
  36  3:49  Stalker  
  36  3:52  Pylon  
  38  3:55  Probe  
  38  4:02  Probe  
  40  4:03  Stalker  
  40  4:08  Probe  
  43  4:12  Probe  
  43  4:13  Forge  
  43  4:16  Probe, Phoenix  
  44  4:20  Probe  
  44  4:23  Stalker  
  47  4:25  Probe  
  47  4:26  Stalker  
  47  4:28  Probe  
  51  4:36  Probe  
  53  4:40  Protoss Ground Weapons Level 1, Probe  
  54  4:49  Adept x2  
  54  4:51  Probe  
  54  4:52  Probe  
  60  5:01  Pylon  
  60  5:04  Assimilator  
  60  5:08  Assimilator  
  60  5:12  Probe x2  
  62  5:20  Pylon  
  62  5:24  Probe x2  
  62  5:28  Charge  
  64  5:34  Stalker x2  
  68  5:41  Probe  
  68  5:42  Probe  
  70  5:45  Nexus  
  70  6:00  Pylon  
  70  6:03  Gateway  
  66  6:07  Gateway  
  66  6:10  Gateway x2, Templar Archives  
  66  6:11  Protoss Ground Weapons Level 2  
  66  6:21  Gateway  
  66  6:24  Gateway  
  66  6:29  Zealot x2  
  70  6:34  Probe x2  
  72  6:46  Probe x2  
  74  6:50  Pylon, High Templar  
  74  6:51  High Templar  
  74  6:52  Pylon  
  78  6:56  Archon  
  78  6:58  Probe x2  
  78  6:59  Robotics Facility  
  78  7:00  High Templar  
  82  7:02  High Templar  
  82  7:05  Probe  
  82  7:06  Zealot  
  82  7:07  Zealot, Archon  
  89  7:10  Probe x2  
  89  7:15  Zealot  
  93  7:21  High Templar  
  95  7:23  Zealot, High Templar  
  95  7:24  Pylon  
  95  7:28  Zealot x2  
  95  7:29  Archon  
  103  7:38  Zealot x3  
  109  7:46  Zealot x3  
  109  7:48  Photon Cannon, Observer  
  116  7:52  Pylon x2  
  116  7:53  High Templar  
  116  7:54  High Templar  
  120  7:59  Zealot, Archon  
  120  8:00  Immortal, Zealot  
  122  8:08  Zealot  
  122  8:12  Pylon  
  128  8:16  Zealot x2  
  128  8:18  Zealot  
  134  8:26  Photon Cannon  
  134  8:28  Zealot x3  
  134  8:33  Warp Prism  
  140  8:36  Protoss Ground Weapons Level 3  
  142  8:45  Zealot, High Templar x2  
  142  8:47  Pylon  
  148  8:49  Pylon, Archon  
  148  8:51  Pylon  
  148  9:11  High Templar x2  
  148  9:12  Zealot x4  
  148  9:15  Archon  
  160  9:17  Zealot x2  
  134  9:38  Immortal  
  126  9:47  Zealot x3  
  126  9:48  Zealot x5  
  126  9:49  Stargate  
  140  10:13  Immortal  
  128  10:14  Zealot x8  
  148  10:22  Stargate  
  148  10:27  Phoenix  
  150  10:42  Immortal  
  150  10:43  Zealot x6  
  150  10:44  Zealot  
  150  10:46  Pylon  
  150  10:47  Pylon  
  150  10:48  Pylon  
  164  10:51  Phoenix  
  164  10:57  Zealot  
  172  10:59  Phoenix  
  172  11:07  Phoenix  
  174  11:17  Zealot x3  
  174  11:18  Zealot x3  
  178  11:36  Zealot x2  
  172  11:43  Zealot x6  
  158  11:59  Zealot x2  
Show
View Real Time Build Order
Export as new Build Order

herO Protoss 

Build Orders: Phoenix Opening 

Get SALT Encoding   

  12  0:00  Probe  
  13  0:12  Probe  
  14  0:17  Pylon  
  14  0:23  Probe  
  15  0:31  Probe  
  16  0:38  Gateway  
  16  0:39  Probe  
  16  0:46  Assimilator  
  17  0:50  Probe  
  17  0:54  Assimilator  
  18  0:58  Probe  
  19  1:06  Probe  
  19  1:08  Gateway  
  20  1:17  Probe  
  20  1:25  Cybernetics Core  
  21  1:30  Probe  
  22  1:35  Pylon  
  22  1:42  Probe  
  23  1:51  Warp Gate  
  18  2:01  Sentry, Stalker  
  27  2:18  Nexus  
  27  2:23  Pylon  
  27  2:28  Sentry  
  29  2:35  Phoenix  
  30  2:40  Sentry  
  30  2:41  Probe  
  32  2:54  Stalker, Probe  
  35  3:06  Stalker, Probe  
  35  3:09  Pylon  
  38  3:18  Probe, Phoenix  
  39  3:29  Probe  
  39  3:30  Probe  
  39  3:31  Forge  
  41  3:39  Shield Battery  
  41  3:42  Probe x2  
  41  3:45  Sentry x2  
  47  3:54  Probe x2  
  49  4:03  Probe  
  49  4:04  Protoss Ground Weapons Level 1, Probe  
  49  4:09  Stalker x2  
  54  4:12  Probe x2  
  56  4:20  Probe x2  
  57  4:30  Pylon  
  58  4:32  Stalker x2  
  62  4:41  Pylon  
  62  4:46  Probe  
  62  4:48  Probe  
  62  4:50  Robotics Facility  
  62  4:51  Assimilator  
  63  4:57  Adept x2  
  63  4:58  Probe  
  68  5:00  Probe  
  68  5:01  Shield Battery  
  68  5:04  Shield Battery  
  68  5:06  Pylon  
  69  5:11  Probe  
  70  5:20  Adept  
  68  5:21  Adept  
  68  5:24  Assimilator  
  68  5:26  Probe x2  
  72  5:35  Immortal  
  72  5:36  Twilight Council  
  72  5:37  Shield Battery  
  72  5:42  Probe x2  
  74  5:48  Pylon  
  74  5:57  Blink  
  74  6:06  Immortal  
  74  6:07  Probe x2  
  76  6:16  Protoss Ground Weapons Level 2  
  80  6:25  Pylon  
  80  6:32  Pylon  
  80  6:33  Pylon  
  80  6:37  Gateway  
  80  6:38  Immortal, Gateway  
  80  6:45  Robotics Facility  
  80  6:47  Robotics Bay  
  84  6:55  Gateway  
  84  7:08  Nexus  
  84  7:09  Pylon  
  82  7:16  Observer  
  83  7:27  Gateway x2  
  83  7:32  Disruptor x2  
  83  7:34  Stalker x4  
  97  7:49  Probe x2  
  97  7:50  Pylon  
  99  7:55  Pylon  
  99  7:57  Disruptor  
  97  8:01  Probe x2  
  97  8:04  Warp Prism  
  99  8:10  Gravitic Drive  
  104  8:31  Disruptor, Zealot x5  
  117  8:34  Disruptor  
  117  8:36  Charge  
  120  8:44  Zealot x2  
  119  8:52  Pylon  
  119  9:02  Stalker x3  
  119  9:03  Stalker  
  125  9:14  Pylon  
  125  9:16  Stalker x2  
  118  9:41  Stalker x6  
  118  9:42  Stalker  
  119  10:13  Zealot x7  
  129  10:20  Colossus  
  121  10:31  Disruptor  
  120  10:40  Disruptor  
  126  10:54  Stalker x4  
  132  11:10  Pylon, Zealot x2, Observer  
  133  11:11  Pylon  
  132  11:28  Zealot  
  134  11:37  Zealot x6  

Tags
 
Add a new tag
Caveats
  • Supply blocks, unpowered buildings, or Contaminate may cause inaccurate times.
  • Supply counts are checked every 10 seconds.